PAAA
SUNSET DISTRICT FOG @ CALGARY LYNX
08/07/2025
 
TOP OF THE 1ST
Sunset District Fog batting - Pitching for Calgary Lynx : LHP Felipe Machado
Pitching: LHP Felipe Machado
Batting: RHB Mariano Sánchez 0-0: Ball
1-0: Ball
2-0: SINGLE (Flyball, 89S)
Batting: RHB Jim Lee 0-0: Ball
Mariano Sánchez steals 2nd base
1-0: Ball
2-0: Called Strike
2-1: Foul Ball, location: 2F
2-2: Ball
3-2: Base on Balls
Batting: RHB Ricardo Téllez 0-0: Called Strike
0-1: Called Strike
0-2: Strikes out swinging
Batting: RHB Joe Phillips 0-0: Ball
1-0: Foul Ball, location: 2F
1-1: Ball
2-1: Ball
3-1: Called Strike
3-2: Base on Balls
Mariano Sánchez to third
Jim Lee to second
Batting: RHB Jock Semple 0-0: Foul Ball, location: 2F
0-1: Ball
1-1: Swinging Strike
1-2: Grounds into double play, 6-4-3 (Groundball, 6)
Top of the 1st over - 0 run(s), 1 hit(s), 0 error(s), 2 left on base; Sunset District 0 - Calgary 0
BOTTOM OF THE 1ST
Calgary Lynx batting - Pitching for Sunset District Fog : RHP Carlos Martínez
Pitching: RHP Carlos Martínez
Batting: LHB Ángel López 0-0: SINGLE (Flyball, 8RS)
Batting: LHB Miguel Zúñiga 0-0: Ball
1-0: 2-RUN HOME RUN (Line Drive, 78D), Distance : 429 ft
Batting: LHB Thomas Campbell 0-0: Ball
1-0: Ball
2-0: SINGLE (Groundball, 4MD)
Batting: RHB Álex Estrada 0-0: Called Strike
0-1: Foul Ball, location: 2F
0-2: Strikes out swinging
Batting: SHB Eric O'Neill 0-0: Ball
1-0: SINGLE (Groundball, 5) (infield hit)
Thomas Campbell to second
Batting: RHB Hieu De 0-0: Ball
1-0: Swinging Strike
1-1: Fly out, F9 (Flyball, 9LD)
Runner from 2nd tags up, SAFE at 3rd, no throw
Batting: RHB Ramón Cabral 0-0: Ball
1-0: Foul Ball, location: 2F
1-1: Foul Ball, location: 2F
1-2: Ball
2-2: Ball
3-2: SINGLE (Flyball, 8LS)
Thomas Campbell scores
Eric O'Neill to second
Eric O'Neill to third
Batting: RHB Chris Woodruff 0-0: Foul Ball, location: 2F
0-1: Foul Ball, location: 2F
0-2: Ball
1-2: Ball
2-2: Fielders Choice at 2nd, 6-4 (Groundball, 6)
Bottom of the 1st over - 3 run(s), 5 hit(s), 0 error(s), 1 left on base; Sunset District 0 - Calgary 3
TOP OF THE 2ND
Sunset District Fog batting - Pitching for Calgary Lynx : LHP Felipe Machado
Batting: LHB Bryce Reilly 0-0: Ball
1-0: Ball
2-0: Ball
3-0: Called Strike
3-1: Foul Ball, location: 2F
3-2: Ground out U3 (Groundball, 3L)
Batting: RHB Rafael Najcrea 0-0: Ball
1-0: Ball
2-0: Ball
3-0: Base on Balls
Batting: SHB Luis Luquín 0-0: Grounds into double play, 6-4-3 (Groundball, 56)
Top of the 2nd over - 0 run(s), 0 hit(s), 0 error(s), 0 left on base; Sunset District 0 - Calgary 3
BOTTOM OF THE 2ND
Calgary Lynx batting - Pitching for Sunset District Fog : RHP Carlos Martínez
Batting: LHB Manuel García 0-0: Called Strike
0-1: SINGLE (Line Drive, 7LS)
Batting: LHB Ángel López 0-0: Ball
1-0: Fly out, F8 (Line Drive, 89S)
Batting: LHB Miguel Zúñiga 0-0: Called Strike
0-1: Called Strike
0-2: Foul Ball, location: 2F
0-2: Fly out, F4 (Flyball, 4MD)
Batting: LHB Thomas Campbell 0-0: 2-RUN HOME RUN (Flyball, 9LD), Distance : 341 ft
Batting: RHB Álex Estrada 0-0: Called Strike
0-1: Ball
1-1: Ball
2-1: Ball
3-1: Foul Ball, location: 2F
3-2: Strikes out swinging
Bottom of the 2nd over - 2 run(s), 2 hit(s), 0 error(s), 0 left on base; Sunset District 0 - Calgary 5
TOP OF THE 3RD
Sunset District Fog batting - Pitching for Calgary Lynx : LHP Felipe Machado
Batting: SHB Carlos Sánchez 0-0: Called Strike
0-1: Ball
1-1: Ball
2-1: Ground out 5-3 (Groundball, 56)
Batting: RHB Mariano Sánchez 0-0: Foul Ball, location: 2F
0-1: Ground out 5-3 (Groundball, 56)
Batting: RHB Jim Lee 0-0: Ball
1-0: Foul Ball, location: 2F
1-1: Ball
2-1: Foul Ball, location: 2F
2-2: Fly out, F7 (Flyball, 7LM)
Top of the 3rd over - 0 run(s), 0 hit(s), 0 error(s), 0 left on base; Sunset District 0 - Calgary 5
BOTTOM OF THE 3RD
Calgary Lynx batting - Pitching for Sunset District Fog : RHP Carlos Martínez
Batting: SHB Eric O'Neill 0-0: Ball
1-0: Ball
2-0: Ball
3-0: Base on Balls
Batting: RHB Hieu De 0-0: Fly out, F9 (Flyball, 89M)
Batting: RHB Ramón Cabral 0-0: Ball
1-0: Foul Ball, location: 2F
1-1: Ball
2-1: Foul Ball, location: 2F
2-2: Ball
3-2: Base on Balls
Eric O'Neill to second
Batting: RHB Chris Woodruff 0-0: Foul Ball, location: 2F
0-1: Foul Ball, location: 2F
0-2: Ball
1-2: Fly out, F3 (Popup, 3L)
Batting: LHB Manuel García 0-0: Ball
1-0: Called Strike
1-1: Ball
2-1: Ball
3-1: Fly out, F7 (Flyball, 7)
Bottom of the 3rd over - 0 run(s), 0 hit(s), 0 error(s), 2 left on base; Sunset District 0 - Calgary 5
TOP OF THE 4TH
Sunset District Fog batting - Pitching for Calgary Lynx : LHP Felipe Machado
Batting: RHB Ricardo Téllez 0-0: Ball
1-0: Fly out, F8 (Line Drive, 78S)
Batting: RHB Joe Phillips 0-0: Ball
1-0: Called Strike
1-1: Ball
2-1: Fly out, F4 (Popup, 34)
Batting: RHB Jock Semple 0-0: Called Strike
0-1: Foul Ball, location: 2F
0-2: Strikes out swinging
Top of the 4th over - 0 run(s), 0 hit(s), 0 error(s), 0 left on base; Sunset District 0 - Calgary 5
BOTTOM OF THE 4TH
Calgary Lynx batting - Pitching for Sunset District Fog : RHP Carlos Martínez
Batting: LHB Ángel López 0-0: Called Strike
0-1: SINGLE (Line Drive, 34D)
Batting: LHB Miguel Zúñiga 0-0: Called Strike
Ángel López steals 2nd base
0-1: Ball
1-1: Ground out 4-3 (Groundball, 4)
Ángel López to third
Batting: LHB Thomas Campbell 0-0: Ball
1-0: Swinging Strike
1-1: Ball
2-1: Foul Ball, location: 2F
2-2: SINGLE (Groundball, 34D)
Ángel López scores
Batting: RHB Álex Estrada 0-0: Ball
1-0: Called Strike
1-1: Ground out 6-3 (Groundball, 6MS)
Thomas Campbell to second
Batting: SHB Eric O'Neill 0-0: Ball
1-0: Called Strike
1-1: Foul Ball, location: 2F
1-2: Fly out, F3 (Line Drive, 3)
Bottom of the 4th over - 1 run(s), 2 hit(s), 0 error(s), 1 left on base; Sunset District 0 - Calgary 6
TOP OF THE 5TH
Sunset District Fog batting - Pitching for Calgary Lynx : LHP Felipe Machado
Batting: LHB Bryce Reilly 0-0: Foul Ball, location: 2F
0-1: Foul Ball, location: 2F
0-2: Foul Ball, location: 2F
0-2: Ball
1-2: Ball
2-2: Strikes out swinging
Batting: RHB Rafael Najcrea 0-0: Ball
1-0: Ball
2-0: Ball
3-0: Base on Balls
Batting: SHB Luis Luquín 0-0: Called Strike
0-1: Ball
1-1: SINGLE (Line Drive, 8RS)
Rafael Najcrea to second
Batting: SHB Carlos Sánchez 0-0: Called Strike
0-1: Swinging Strike
0-2: Strikes out swinging
Batting: RHB Mariano Sánchez 0-0: Called Strike
0-1: Called Strike
0-2: Reached via error on a dropped throw, E4
Rafael Najcrea to third
Luis Luquín to second
Batting: RHB Jim Lee 0-0: Called Strike
0-1: Ball
1-1: Fly out, F9 (Line Drive, 89M)
Top of the 5th over - 0 run(s), 1 hit(s), 1 error(s), 3 left on base; Sunset District 0 - Calgary 6
BOTTOM OF THE 5TH
Calgary Lynx batting - Pitching for Sunset District Fog : RHP Carlos Martínez
Batting: RHB Hieu De 0-0: Swinging Strike
0-1: Foul Ball, location: 2F
0-2: Strikes out swinging
Batting: RHB Ramón Cabral 0-0: Ball
1-0: Ball
2-0: Swinging Strike
2-1: Ball
3-1: Called Strike
3-2: Strikes out swinging
Batting: RHB Chris Woodruff 0-0: Ball
1-0: Called Strike
1-1: Ground out 6-3 (Groundball, 56)
Bottom of the 5th over - 0 run(s), 0 hit(s), 0 error(s), 0 left on base; Sunset District 0 - Calgary 6
TOP OF THE 6TH
Sunset District Fog batting - Pitching for Calgary Lynx : LHP Felipe Machado
Batting: RHB Ricardo Téllez 0-0: Ball
1-0: Foul Ball, location: 2F
1-1: Foul Ball, location: 2F
1-2: SINGLE (Flyball, 8RS)
Batting: RHB Joe Phillips 0-0: Called Strike
0-1: Fly out, F8 (Flyball, 8RXD)
Batting: RHB Jock Semple 0-0: Ball
1-0: Foul Ball, location: 2F
1-1: Ball
2-1: Fly out, F7 (Flyball, 78D)
Batting: LHB Bryce Reilly 0-0: Called Strike
Ricardo Téllez steals 2nd base
0-1: Ball
1-1: Swinging Strike
1-2: Strikes out looking
Top of the 6th over - 0 run(s), 1 hit(s), 0 error(s), 1 left on base; Sunset District 0 - Calgary 6
BOTTOM OF THE 6TH
Calgary Lynx batting - Pitching for Sunset District Fog : RHP Carlos Martínez
Pitching: RHP Nate Rogers
Batting: LHB Manuel García 0-0: Called Strike
0-1: Called Strike
0-2: Ball
1-2: Fly out, F4 (Popup, 3D)
Batting: LHB Ángel López 0-0: Ball
1-0: Fly out, F7 (Flyball, 7S)
Batting: LHB Miguel Zúñiga 0-0: Ground out 3-1 (Groundball, 34)
Bottom of the 6th over - 0 run(s), 0 hit(s), 0 error(s), 0 left on base; Sunset District 0 - Calgary 6
TOP OF THE 7TH
Sunset District Fog batting - Pitching for Calgary Lynx : LHP Felipe Machado
Batting: RHB Rafael Najcrea 0-0: Called Strike
0-1: Swinging Strike
0-2: Ball
1-2: Strikes out swinging
Batting: SHB Luis Luquín 0-0: Called Strike
0-1: Foul Ball, location: 2F
0-2: Ball
1-2: Fly out, F8 (Flyball, 78M)
Batting: SHB Carlos Sánchez 0-0: Ball
1-0: Ball
2-0: Ground out 4-3 (Groundball, 4)
Top of the 7th over - 0 run(s), 0 hit(s), 0 error(s), 0 left on base; Sunset District 0 - Calgary 6
BOTTOM OF THE 7TH
Calgary Lynx batting - Pitching for Sunset District Fog : RHP Nate Rogers
Batting: LHB Thomas Campbell 0-0: Fly out, F8 (Flyball, 8RM)
Batting: RHB Álex Estrada 0-0: Called Strike
0-1: SINGLE (Groundball, 34D)
Batting: SHB Eric O'Neill 0-0: Called Strike
Álex Estrada is caught stealing 2nd base
0-1: SINGLE (Line Drive, 34)
Batting: RHB Hieu De 0-0: Called Strike
0-1: Foul Ball, location: 2F
0-2: Hit by Pitch
Eric O'Neill to second
Batting: RHB Ramón Cabral 0-0: Called Strike
0-1: Ball
1-1: SINGLE (Groundball, 34D)
Eric O'Neill to third
Hieu De to second
Runner from 3rd tries for Home, SAFE, no throw
Batting: RHB Chris Woodruff 0-0: Ball
1-0: Called Strike
1-1: Ball
2-1: Swinging Strike
2-2: Foul Ball, location: 2F
2-2: Foul Ball, location: 2F
2-2: Ball
3-2: Fly out, F6 (Line Drive, 56)
Bottom of the 7th over - 1 run(s), 3 hit(s), 0 error(s), 2 left on base; Sunset District 0 - Calgary 7
TOP OF THE 8TH
Sunset District Fog batting - Pitching for Calgary Lynx : LHP Felipe Machado
Batting: RHB Mariano Sánchez 0-0: Foul Ball, location: 2F
0-1: Ball
1-1: Foul Ball, location: 2F
1-2: Ball
2-2: Ball
3-2: SINGLE (Line Drive, 78S)
Batting: RHB Jim Lee 0-0: Ball
1-0: Foul Ball, location: 2F
1-1: Foul Ball, location: 2F
1-2: Ball
2-2: Ball
3-2: Strikes out swinging
Mariano Sánchez is caught stealing 2nd base
Batter strikes out.
Batting: RHB Ricardo Téllez 0-0: Swinging Strike
0-1: Foul Ball, location: 2F
0-2: Foul Ball, location: 2F
0-2: Strikes out swinging
Top of the 8th over - 0 run(s), 1 hit(s), 0 error(s), 0 left on base; Sunset District 0 - Calgary 7
BOTTOM OF THE 8TH
Calgary Lynx batting - Pitching for Sunset District Fog : RHP Nate Rogers
Batting: LHB Manuel García 0-0: Called Strike
0-1: Ball
1-1: Ground out U3 (Groundball, 34S)
Batting: LHB Ángel López 0-0: Ball
1-0: Foul Ball, location: 2F
1-1: Ball
2-1: SINGLE (Line Drive, 4M)
Batting: LHB Miguel Zúñiga 0-0: Ball
1-0: Ball
2-0: Ground out 3-1 (Groundball, 34S)
Ángel López to second
Batting: LHB Thomas Campbell 0-0: Foul Ball, location: 2F
0-1: Ball
1-1: Foul Ball, location: 2F
1-2: Foul Ball, location: 2F
1-2: Ground out 4-3 (Groundball, 4M)
Bottom of the 8th over - 0 run(s), 1 hit(s), 0 error(s), 1 left on base; Sunset District 0 - Calgary 7
TOP OF THE 9TH
Sunset District Fog batting - Pitching for Calgary Lynx : LHP Felipe Machado
Pitching: RHP Bill Ball
Batting: RHB Joe Phillips 0-0: Ball
1-0: Called Strike
1-1: Foul Ball, location: 2F
1-2: Strikes out swinging
Batting: RHB Jock Semple 0-0: Ball
1-0: Ground out 1-3 (Groundball, P)
Batting: LHB Bryce Reilly 0-0: Called Strike
0-1: Foul Ball, location: 2F
0-2: Ball
1-2: Fly out, F7 (Line Drive, 7S)
Top of the 9th over - 0 run(s), 0 hit(s), 0 error(s), 0 left on base; Sunset District 0 - Calgary 7
Friday, December 30th, 2016 - OOTP Baseball 17.12 Build 75